[Event "IMSA Blitz Men 2019"]
[Site "Hengshui"]
[Date "2019.05.17"]
[Round "5.2"]
[White "Le, Quang Liem"]
[Black "Fedoseev, Vladimir"]
[Result "1/2-1/2"]
[ECO "A05"]
[WhiteElo "2704"]
[BlackElo "2683"]
[Annotator "RC"]
[PlyCount "217"]
[EventDate "2019.05.17"]
[EventType "blitz"]
[EventCountry "CHN"]
[SourceTitle "playchess.com"]
[Source "ChessBase"]
[SourceQuality "1"]
[TimeControl "180+2"]

1. Nf3 Nf6 2. c4 e6 3. b3 b6 4. g3 Bb7 5. Bg2 Be7 6. Bb2 O-O 7. O-O Na6 8. d4 d5 9. Ne5 Nd7 10. cxd5 exd5 11. Nc3 Nxe5 12. dxe5 c6 13. Qc2 Qc7 14. Rad1 Rad8 15. a3 d4 16. Nb5 cxb5 17. Qxc7 Nxc7 18. Bxb7 Ne6 19. Be4 b4 20. a4 Bc5 21. Bd3 Nc7 22. Bc4 Rfe8 23. Rd2 a6 24. Kg2 b5 25. axb5 axb5 26. Bd3 Rxe5 27. Rc1 Bb6 28. Rc6 Re6 29. Rdc2 Nd5 30. Rxe6 fxe6 31. Rc6 Kf7 32. Bxb5 Ke7 33. Bc4 Rd6 34. Bxd5 exd5 35. Rxd6 Kxd6 36. Kf1 g5 37. Ke1 g4 38. Kd2 d3 39. e3 Ke6 40. Kxd3 Bc7 41. Bd4 Bd6 42. e4 h5 43. Ke3 Bf8 44. f4 gxf3 45. Kxf3 Bd6 46. Be3 Be7 47. h3 Ke5 48. exd5 Kxd5 49. Bf2 Ke5 50. Ke3 Bc5+ 51. Kf3 Be7 52. Ba7 Bf8 53. Ke3 Bd6 54. Kd3 Kd5 55. g4 hxg4 56. hxg4 Be7 57. Be3 Bd6 58. Bd4 Be7 59. Bg7 Bd6 60. g5 Ke6 61. Ke4 Be7 62. g6 Bd6 63. Bd4 Be7 64. g7 Kf7 65. Kd5 Bg5 66. Kd6 Bd2 67. Kc5 Bc3 68. Kc4 Be1 69. Kd3 Bg3 70. Ke4 Be1 71. Be5 Bd2 72. Kd3 Be1 73. Kc4 Bd2 74. Bd6 Kxg7 75. Bxb4 Bf4 76. Bc5 Kf7 77. Kd5 Ke8 78. Kc6 Kd8 79. b4 Kc8 80. Bd6 Bd2 81. b5 Ba5 82. Be5 Bd8 83. Bf4 Ba5 84. Bg3 Bd8 85. Bf2 Bc7 86. Ba7 Bd8 87. Bb6 Bf6 88. Bc7 Bd4 89. Bd6 Be3 90. Bc7 Bd4 91. Bb6 Bf6 92. Ba7 Bd8 93. Bd4 Bc7 94. Bb6 Be5 95. Ba5 Bd4 96. Bc7 Be3 97. Bd6 Bd4 98. Bf4 Bf2 99. Bc7 Be3 100. Bb6 Bg5 101. Bd4 Bd8 102. Bc3 Bc7 103. Bf6 Ba5 104. Be7 Bc7 105. Bc5 Bd8 106. Bb6 Bf6 107. Ba7 Bd8 108. b6 Bxb6 109. Bxb6 1/2-1/2

[Event "IMSA Blitz Men 2019"]
[Site "Hengshui"]
[Date "2019.05.17"]
[Round "5.2"]
[White "Korobov, Anton"]
[Black "Bu, Xiangzhi"]
[Result "0-1"]
[ECO "D45"]
[WhiteElo "2687"]
[BlackElo "2729"]
[Annotator "ChessBase"]
[PlyCount "58"]
[EventDate "2019.05.17"]
[EventType "blitz"]
[EventCountry "CHN"]
[SourceTitle "playchess.com"]
[Source "ChessBase"]
[SourceQuality "1"]
[TimeControl "180+2"]

1. d4 d5 2. c4 c6 3. Nc3 Nf6 4. e3 e6 5. Nf3 a6 6. Qc2 c5 7. a3 dxc4 8. Bxc4 b5 9. Ba2 Bb7 10. dxc5 Bxc5 11. Nxb5 Nbd7 12. Nc3 O-O 13. Bd2 Rc8 14. O-O-O Qe7 15. Kb1 Bxa3 16. Ka1 Bb4 17. Nd4 a5 18. f3 Nb6 19. e4 Nc4 20. Bc1 Rfd8 21. Ndb5 Ba6 22. Rxd8+ Qxd8 23. Rd1 Qb6 24. Qa4 Ne3 25. Rd3 Nxg2 26. Bg5 Ne1 27. Be3 Qc6 28. Rd1 Bxb5 29. Nxb5 Nc2+ 0-1

[Event "IMSA Blitz Men 2019"]
[Site "Hengshui"]
[Date "2019.05.17"]
[Round "5.2"]
[White "Cheparinov, Ivan"]
[Black "Gelfand, Boris"]
[Result "1/2-1/2"]
[ECO "E10"]
[WhiteElo "2667"]
[BlackElo "2676"]
[Annotator "RC"]
[PlyCount "137"]
[EventDate "2019.05.17"]
[EventType "blitz"]
[EventCountry "CHN"]
[SourceTitle "playchess.com"]
[Source "ChessBase"]
[SourceQuality "1"]
[TimeControl "180+2"]

1. d4 Nf6 2. c4 e6 3. Nf3 d5 4. g3 Bb4+ 5. Bd2 Be7 6. Bg2 O-O 7. O-O c6 8. Qc2 Nbd7 9. Rd1 b6 10. b3 Bb7 11. Nc3 Ba6 12. e4 dxc4 13. Bf4 b5 14. bxc4 bxc4 15. h3 Qa5 16. Bd2 Qc7 17. Re1 Rfe8 18. Rac1 e5 19. dxe5 Nxe5 20. Nxe5 Qxe5 21. Bf4 Qa5 22. e5 Nd5 23. Nxd5 cxd5 24. e6 f6 25. Qf5 Rad8 26. Red1 Bb7 27. h4 g6 28. Qc2 Qa6 29. h5 g5 30. Be3 Qxe6 31. Bxa7 Qf7 32. Rb1 Ba8 33. Bb6 Rb8 34. Qf5 Qxh5 35. Bxd5+ Bxd5 36. Qxd5+ Qf7 37. Qxf7+ Kxf7 38. a4 c3 39. Rdc1 Rec8 40. a5 Ba3 41. Rc2 Bb2 42. Rd1 Rc6 43. Kg2 h5 44. Rd5 Kg6 45. Rb5 g4 46. Rd5 Rbxb6 47. axb6 Rxb6 48. Rc5 Re6 49. R5xc3 Bxc3 50. Rxc3 Re5 51. Ra3 f5 52. Ra6+ Kg5 53. Ra8 Re6 54. Ra5 Rf6 55. Ra8 Rg6 56. Ra5 Rf6 57. Ra8 f4 58. gxf4+ Rxf4 59. Ra5+ Kg6 60. Ra6+ Kg5 61. Ra5+ Kh4 62. Rb5 Ra4 63. Rc5 Ra2 64. Rb5 Rc2 65. Ra5 Rb2 66. Rc5 Ra2 67. Rb5 Rc2 68. Ra5 Rb2 69. Rc5 1/2-1/2

[Event "IMSA Blitz Men 2019"]
[Site "Hengshui"]
[Date "2019.05.17"]
[Round "6.1"]
[White "Andreikin, Dmitry"]
[Black "Bu, Xiangzhi"]
[Result "1/2-1/2"]
[ECO "C42"]
[WhiteElo "2722"]
[BlackElo "2729"]
[Annotator "RC"]
[PlyCount "83"]
[EventDate "2019.05.17"]
[EventType "blitz"]
[EventCountry "CHN"]
[SourceTitle "playchess.com"]
[Source "ChessBase"]
[SourceQuality "1"]
[TimeControl "180+2"]

1. e4 e5 2. Nf3 Nf6 3. Nxe5 d6 4. Nf3 Nxe4 5. Nc3 Nxc3 6. dxc3 Be7 7. Be3 Nc6 8. Qd2 Be6 9. O-O-O Qd7 10. a3 Bf6 11. h4 O-O-O 12. Ng5 Bf5 13. Bb5 h6 14. Nf3 a6 15. Ba4 Be4 16. Bd4 Bxf3 17. gxf3 Bxd4 18. cxd4 d5 19. Rdg1 g6 20. h5 g5 21. f4 f6 22. fxg5 fxg5 23. f4 b5 24. Bb3 g4 25. c3 Rhg8 26. Bc2 Ne7 27. f5 Nxf5 28. Qf4 Rdf8 29. Rxg4 Rxg4 30. Qxg4 Ne3 31. Qg6 Qd6 32. Re1 Nxc2 33. Qxd6 cxd6 34. Kxc2 Kd7 35. Rg1 Rf5 36. Rg7+ Kc6 37. Ra7 Kb6 38. Rd7 Kc6 39. Ra7 Kb6 40. Rd7 Kc6 41. Ra7 Kb6 42. Rd7 1/2-1/2

[Event "IMSA Blitz Men 2019"]
[Site "Hengshui"]
[Date "2019.05.17"]
[Round "6.1"]
[White "Fedoseev, Vladimir"]
[Black "Ponomariov, Ruslan"]
[Result "1/2-1/2"]
[ECO "B67"]
[WhiteElo "2683"]
[BlackElo "2675"]
[Annotator "RC"]
[PlyCount "114"]
[EventDate "2019.05.17"]
[EventType "blitz"]
[EventCountry "CHN"]
[SourceTitle "playchess.com"]
[Source "ChessBase"]
[SourceQuality "1"]
[TimeControl "180+2"]

1. e4 c5 2. Nf3 Nc6 3. d4 cxd4 4. Nxd4 Nf6 5. Nc3 d6 6. Bg5 e6 7. Qd2 a6 8. O-O-O Bd7 9. f3 Be7 10. h4 h6 11. Be3 h5 12. Bd3 Ne5 13. Kb1 b5 14. Bg5 Qc7 15. f4 Neg4 16. Rde1 b4 17. Nd1 a5 18. Nf3 Rb8 19. e5 dxe5 20. Nxe5 Bb5 21. Nxg4 Nxg4 22. Bxe7 Qxe7 23. f5 e5 24. Ne3 Nf6 25. Bxb5+ Rxb5 26. Qd3 Rc5 27. Rhg1 e4 28. Qe2 O-O 29. g4 hxg4 30. Nxg4 Re8 31. h5 Nxg4 32. Qxg4 Qf6 33. Rxe4 Rxe4 34. Qxe4 Rxf5 35. Qe2 Rf2 36. Qd1 Kh7 37. b3 Qf5 38. Rh1 Qf3 39. Qc1 Qe4 40. Re1 Re2 41. Rg1 Rg2 42. Rxg2 Qxg2 43. Qd1 Qe4 44. Qg1 Qf5 45. Qd1 Kh6 46. a3 Qc5 47. axb4 axb4 48. Qg4 Qd6 49. Qf5 Qe7 50. Qg4 g6 51. hxg6 fxg6 52. Qh3+ Kg7 53. c4 Qe1+ 54. Kc2 Qe2+ 55. Kc1 Qe1+ 56. Kc2 Qe2+ 57. Kc1 Qe1+ 1/2-1/2

[Event "IMSA Blitz Men 2019"]
[Site "Hengshui"]
[Date "2019.05.17"]
[Round "6.1"]
[White "Gelfand, Boris"]
[Black "Korobov, Anton"]
[Result "1/2-1/2"]
[ECO "D12"]
[WhiteElo "2676"]
[BlackElo "2687"]
[Annotator "ChessBase"]
[PlyCount "117"]
[EventDate "2019.05.17"]
[EventType "blitz"]
[EventCountry "CHN"]
[SourceTitle "playchess.com"]
[Source "ChessBase"]
[SourceQuality "1"]
[TimeControl "180+2"]

1. d4 d5 2. c4 c6 3. Nf3 Nf6 4. e3 Bf5 5. Nc3 e6 6. Nh4 Bg6 7. Be2 Nbd7 8. O-O Bd6 9. g3 dxc4 10. Bxc4 Bh5 11. Be2 Bxe2 12. Qxe2 c5 13. dxc5 Bxc5 14. e4 Bd4 15. Nb5 Be5 16. Nf3 Bb8 17. Nc3 O-O 18. e5 Nd5 19. Nxd5 exd5 20. e6 Re8 21. exf7+ Kxf7 22. Ng5+ Kg8 23. Qh5 h6 24. Qf7+ Kh8 25. Qh5 Kg8 26. Qf7+ Kh8 27. Nf3 Rf8 28. Qxd5 Ne5 29. Qxd8 Nxf3+ 30. Kg2 Rxd8 31. Kxf3 Be5 32. Be3 b6 33. Rab1 Rac8 34. b4 Rc4 35. Rfc1 Rdc8 36. Rd1 R8c7 37. Rd5 Bf6 38. h4 Kg8 39. a4 Bc3 40. a5 Rxb4 41. Rc1 b5 42. Rc5 Rxc5 43. Bxc5 Rc4 44. Bxa7 Bxa5 45. Rxc4 bxc4 46. Ke4 h5 47. Be3 Kf7 48. Kd5 c3 49. Kc4 g6 50. Kd3 Ke6 51. Bd4 Kf5 52. f3 Bc7 53. Bf2 Be5 54. Be1 g5 55. hxg5 Kxg5 56. f4+ Bxf4 57. gxf4+ Kxf4 58. Kxc3 h4 59. Bxh4 1/2-1/2

[Event "IMSA Blitz Men 2019"]
[Site "Hengshui"]
[Date "2019.05.17"]
[Round "6.2"]
[White "Rapport, Richard"]
[Black "Yu, Yangyi"]
[Result "1-0"]
[ECO "A01"]
[WhiteElo "2736"]
[BlackElo "2739"]
[Annotator "RC"]
[PlyCount "93"]
[EventDate "2019.05.17"]
[EventType "blitz"]
[EventCountry "CHN"]
[SourceTitle "playchess.com"]
[Source "ChessBase"]
[SourceQuality "1"]
[TimeControl "180+2"]

1. b3 Nf6 2. Bb2 b6 3. e3 Bb7 4. d4 e6 5. Nf3 d5 6. Bd3 Be7 7. O-O O-O 8. c4 dxc4 9. Bxc4 Nbd7 10. Qe2 c5 11. Rd1 Qb8 12. Nc3 cxd4 13. Rxd4 a6 14. Rad1 Qc7 15. Bd3 Nc5 16. Bb1 Rad8 17. h3 b5 18. b4 Rxd4 19. Rxd4 Ncd7 20. a4 bxa4 21. Nxa4 h6 22. Rc4 Qb8 23. e4 Rc8 24. Bc3 Bc6 25. Nb2 Nb6 26. Be5 Qb7 27. Rd4 Nbd7 28. Bg3 Bxb4 29. e5 Bc3 30. exf6 Qxb2 31. Qd3 Nxf6 32. Rc4 Rb8 33. Bxb8 Be4 34. Rxe4 Qxb8 35. Qxc3 Qxb1+ 36. Re1 Qb6 37. Qc8+ Kh7 38. Qc2+ Kg8 39. Ra1 g6 40. Qa2 Ne4 41. Qe2 Nc5 42. Qe3 Qb2 43. Qd4 Qc2 44. Qd1 Qb2 45. Rb1 Qc3 46. Rb8+ Kg7 47. Qd4+ 1-0

[Event "IMSA Blitz Men 2019"]
[Site "Hengshui"]
[Date "2019.05.17"]
[Round "6.2"]
[White "Wang, Hao"]
[Black "Le, Quang Liem"]
[Result "1-0"]
[ECO "B31"]
[WhiteElo "2735"]
[BlackElo "2704"]
[Annotator "RC"]
[PlyCount "80"]
[EventDate "2019.05.17"]
[EventType "blitz"]
[EventCountry "CHN"]
[SourceTitle "playchess.com"]
[Source "ChessBase"]
[SourceQuality "1"]
[TimeControl "180+2"]

1. e4 c5 2. Nf3 Nc6 3. Bb5 g6 4. Bxc6 dxc6 5. d3 Bg7 6. h3 e5 7. a3 Qe7 8. O-O Nf6 9. b4 O-O 10. bxc5 Qxc5 11. a4 Re8 12. Be3 Qe7 13. Nbd2 c5 14. a5 Bd7 15. Nc4 Nh5 16. Nfd2 Rac8 17. Rb1 Rc7 18. Re1 Qf6 19. Qf3 Nf4 20. Bxf4 Qxf4 21. Qxf4 exf4 22. e5 Bc6 23. Ne4 Bd5 24. Nf6+ Bxf6 25. exf6 Kf8 26. Nd6 Rd8 27. Nb5 Rcd7 28. Nxa7 Ra8 29. Nb5 Rxa5 30. Ra1 Rxa1 31. Rxa1 Rd8 32. Nc3 Bc6 33. Ra5 c4 34. dxc4 h6 35. h4 Kg8 36. Nd5 Kh7 37. f3 Rd6 38. Kf2 g5 39. h5 b5 40. Ra6 bxc4 1-0

[Event "IMSA Blitz Men 2019"]
[Site "Hengshui"]
[Date "2019.05.17"]
[Round "6.2"]
[White "Bu, Xiangzhi"]
[Black "Andreikin, Dmitry"]
[Result "1/2-1/2"]
[ECO "A17"]
[WhiteElo "2729"]
[BlackElo "2722"]
[Annotator "RC"]
[PlyCount "108"]
[EventDate "2019.05.17"]
[EventType "blitz"]
[EventCountry "CHN"]
[SourceTitle "playchess.com"]
[Source "ChessBase"]
[SourceQuality "1"]
[TimeControl "180+2"]

1. Nf3 Nf6 2. c4 e6 3. Nc3 Bb4 4. Qc2 c5 5. a3 Ba5 6. e3 O-O 7. Be2 Nc6 8. O-O Bc7 9. Rd1 h6 10. h3 d5 11. cxd5 exd5 12. d4 c4 13. e4 dxe4 14. Nxe4 Nxe4 15. Qxe4 Re8 16. Qc2 Na5 17. Bxc4 Nxc4 18. Qxc4 Bf5 19. Be3 Rc8 20. Qb5 Be4 21. Ne5 a6 22. Qb4 Qd5 23. f3 Bxf3 24. gxf3 f6 25. Qc5 Qxc5 26. dxc5 Bxe5 27. Rab1 Bxb2 28. Kf2 Bxa3 29. Rd5 Re5 30. Rxe5 fxe5 31. Rxb7 Bxc5 32. Bxc5 Rxc5 33. Ra7 a5 34. Ke3 Kh7 35. Ra6 h5 36. h4 g6 37. Ra7+ Kh6 38. Ra6 Rb5 39. Ke4 Rb4+ 40. Kxe5 Rxh4 41. f4 Rh1 42. Rxa5 Re1+ 43. Kd4 h4 44. Rg5 Re2 45. Kd3 Re6 46. Rg4 Kh5 47. Rg5+ Kh6 48. Rg4 Kg7 49. Rxh4 Kf6 50. Rh8 Kf5 51. Rf8+ Rf6 52. Rxf6+ Kxf6 53. Ke4 g5 54. fxg5+ Kxg5 1/2-1/2

[Event "IMSA Blitz Men 2019"]
[Site "Hengshui"]
[Date "2019.05.17"]
[Round "6.2"]
[White "Vidit, Santosh Gujrathi"]
[Black "Leko, Peter"]
[Result "1/2-1/2"]
[ECO "D41"]
[WhiteElo "2707"]
[BlackElo "2674"]
[Annotator "RC"]
[PlyCount "98"]
[EventDate "2019.05.17"]
[EventType "blitz"]
[EventCountry "CHN"]
[SourceTitle "playchess.com"]
[Source "ChessBase"]
[SourceQuality "1"]
[TimeControl "180+2"]

1. d4 Nf6 2. c4 e6 3. Nf3 d5 4. Nc3 c5 5. cxd5 Nxd5 6. e4 Nxc3 7. bxc3 cxd4 8. cxd4 Bb4+ 9. Bd2 Bxd2+ 10. Qxd2 O-O 11. Bc4 Nd7 12. O-O b6 13. Rfe1 Bb7 14. Rad1 Rc8 15. Bb3 h6 16. h3 Nf6 17. Qf4 Qc7 18. Ne5 Qd6 19. Rd3 Rc7 20. f3 Nd7 21. Ng6 Qxf4 22. Nxf4 Re8 23. Ba4 Rd8 24. Red1 Nb8 25. d5 exd5 26. Nxd5 Bxd5 27. Rxd5 Rxd5 28. Rxd5 Na6 29. Rd8+ Kh7 30. Bb3 Nc5 31. Bd5 g5 32. Kh2 Kg7 33. Kg3 Rd7 34. Rc8 Nd3 35. h4 Nf4 36. hxg5 hxg5 37. Bb3 Rd2 38. Rc2 Rxc2 39. Bxc2 Kf6 40. Kf2 Ke5 41. g3 Ne6 42. Ke3 f6 43. Bb3 Nc5 44. f4+ gxf4+ 45. gxf4+ Kd6 46. Bc2 Ne6 47. Bb3 Nc5 48. Bc2 Ne6 49. Bb3 Nc5 1/2-1/2

[Event "IMSA Blitz Men 2019"]
[Site "Hengshui"]
[Date "2019.05.17"]
[Round "6.2"]
[White "Ponomariov, Ruslan"]
[Black "Fedoseev, Vladimir"]
[Result "0-1"]
[ECO "B90"]
[WhiteElo "2675"]
[BlackElo "2683"]
[Annotator "RC"]
[PlyCount "64"]
[EventDate "2019.05.17"]
[EventType "blitz"]
[EventCountry "CHN"]
[SourceTitle "playchess.com"]
[Source "ChessBase"]
[SourceQuality "1"]
[TimeControl "180+2"]

1. e4 c5 2. Nf3 d6 3. d4 cxd4 4. Nxd4 Nf6 5. Nc3 a6 6. h3 b5 7. a4 b4 8. Nd5 e6 9. Nxf6+ Qxf6 10. g3 e5 11. Nb3 Be6 12. Bg2 Nc6 13. O-O Qd8 14. Be3 Be7 15. f4 O-O 16. Rf2 f6 17. Rd2 Qc7 18. Qe2 Na5 19. Nxa5 Qxa5 20. Qf2 Rab8 21. f5 Bf7 22. g4 b3 23. c3 Rfc8 24. Bf1 d5 25. exd5 Bxd5 26. Rad1 Bc6 27. Bc4+ Kh8 28. Be6 Rd8 29. Rxd8+ Rxd8 30. Rxd8+ Qxd8 31. Bxb3 Qd3 32. Bc5 Qxh3 0-1

[Event "IMSA Blitz Men 2019"]
[Site "Hengshui"]
[Date "2019.05.17"]
[Round "6.2"]
[White "Cheparinov, Ivan"]
[Black "Jones, Gawain C B"]
[Result "0-1"]
[ECO "C45"]
[WhiteElo "2667"]
[BlackElo "2702"]
[Annotator "RC"]
[PlyCount "288"]
[EventDate "2019.05.17"]
[EventType "blitz"]
[EventCountry "CHN"]
[SourceTitle "playchess.com"]
[Source "ChessBase"]
[SourceQuality "1"]
[TimeControl "180+2"]

1. e4 e5 2. Nf3 Nc6 3. d4 exd4 4. Nxd4 Nf6 5. Nxc6 bxc6 6. e5 Qe7 7. Qe2 Nd5 8. h4 f6 9. c4 Ba6 10. Rh3 Nb6 11. exf6 Qxe2+ 12. Bxe2 Bxc4 13. Re3+ Kf7 14. fxg7 Bxg7 15. Bh5+ Kf8 16. Nd2 Bd5 17. Ne4 h6 18. Nc3 Bxg2 19. Rg3 Bd5 20. Bf4 Bf7 21. Bxf7 Kxf7 22. Bxc7 Rae8+ 23. Kf1 Nc4 24. Rd1 d5 25. b3 Ne5 26. Ne2 Re7 27. Bd6 Re6 28. Bc5 Nd7 29. Bxa7 Rhe8 30. Nd4 Rf6 31. Nf3 Rf4 32. Be3 Rfe4 33. Rc1 d4 34. Rxg7+ Kxg7 35. Bxd4+ Kf7 36. Rxc6 Rf4 37. Rc3 Ree4 38. Rd3 Rf5 39. Be3 Nf6 40. Bxh6 Kg6 41. Bd2 Ng4 42. Kg2 Re2 43. Kg3 Nxf2 44. Rd6+ Kf7 45. Rd4 Ne4+ 46. Kg4 Nxd2 47. Kxf5 Nxf3 48. Rd7+ Ke8 49. Rh7 Rxa2 50. h5 Nd4+ 51. Ke5 Nxb3 52. h6 Ra5+ 53. Kf6 Ra6+ 54. Kg5 Nd4 55. Rb7 Ne6+ 56. Kg4 Nf8 57. Kg5 Ra5+ 58. Kg4 Ra6 59. Kg5 Rg6+ 60. Kh5 Rg1 61. Ra7 Rh1+ 62. Kg5 Rg1+ 63. Kh5 Rh1+ 64. Kg5 Nd7 65. Kg6 Rg1+ 66. Kf5 Nf8 67. Rg7 Rh1 68. Ra7 Rxh6 69. Ke4 Nd7 70. Kd4 Ke7 71. Ra1 Rh5 72. Re1+ Kd6 73. Re8 Nf6 74. Rd8+ Ke6 75. Ke3 Ke5 76. Ra8 Rh3+ 77. Ke2 Kf4 78. Rf8 Kf5 79. Kd2 Ke5 80. Ke2 Ra3 81. Kd2 Nd5 82. Ke2 Nf4+ 83. Kf2 Nd3+ 84. Ke2 Ke4 85. Re8+ Ne5 86. Kd2 Rd3+ 87. Ke2 Rh3 88. Kd2 Rg3 89. Kc2 Kd4 90. Rd8+ Ke3 91. Re8 Ke4 92. Kd2 Ra3 93. Kc2 Kd4 94. Rd8+ Ke3 95. Re8 Ra5 96. Kc3 Rc5+ 97. Kb4 Rd5 98. Kc3 Rd3+ 99. Kb4 Ke4 100. Rh8 Rd7 101. Rh4+ Kd3 102. Rh3+ Kd4 103. Rh4+ Ke3 104. Rh3+ Nf3 105. Rh8 Kd4 106. Kb5 Ne5 107. Kb6 Nc4+ 108. Kc6 Rd6+ 109. Kc7 Rg6 110. Rh1 Kd5 111. Rd1+ Kc5 112. Kd7 Ne3 113. Rc1+ Kd5 114. Ke7 Ng4 115. Rd1+ Ke5 116. Re1+ Kf5 117. Rf1+ Kg5 118. Kd7 Ra6 119. Kc7 Nf6 120. Rg1+ Kf5 121. Rf1+ Ke6 122. Re1+ Kf7 123. Kb7 Rd6 124. Kc7 Ra6 125. Kb7 Ra4 126. Kc6 Ne4 127. Kb5 Nc3+ 128. Kc5 Kf6 129. Re3 Ne4+ 130. Kd5 Ng5 131. Kc5 Ne6+ 132. Kb5 Rd4 133. Re1 Ke7 134. Rh1 Kd7 135. Rh7+ Kd6 136. Rh6 Rg4 137. Rf6 Ke5 138. Rf1 Kd5 139. Rd1+ Nd4+ 140. Kb4 Rg3 141. Rb1 Nc2+ 142. Ka5 Kc5 143. Rb5+ Kc4 144. Rh5 Rg6 0-1

[Event "IMSA Blitz Men 2019"]
[Site "Hengshui"]
[Date "2019.05.18"]
[Round "7.1"]
[White "Cheparinov, Ivan"]
[Black "Le, Quang Liem"]
[Result "0-1"]
[ECO "A85"]
[WhiteElo "2667"]
[BlackElo "2704"]
[Annotator "RC"]
[PlyCount "54"]
[EventDate "2019.05.17"]
[EventType "blitz"]
[EventCountry "CHN"]
[SourceTitle "playchess.com"]
[Source "ChessBase"]
[SourceQuality "1"]
[TimeControl "180+2"]

1. d4 f5 2. c4 Nf6 3. Nc3 g6 4. h4 h6 5. Nh3 d6 6. Nf4 Rg8 7. d5 Na6 8. g3 e5 9. dxe6 Nc5 10. Bg2 c6 11. b3 Nxe6 12. Nxe6 Bxe6 13. Bb2 Bg7 14. Qd2 Qe7 15. O-O-O O-O-O 16. Qc2 Kb8 17. Kb1 Rd7 18. Rhe1 Qf7 19. e4 Rgd8 20. Ka1 a6 21. Nd5 Nxe4 22. Nf4 Re7 23. Nxe6 Rxe6 24. Bxg7 Qxg7+ 25. Qb2 Qxb2+ 26. Kxb2 Rde8 27. Re2 Nc3 0-1

[Event "IMSA Blitz Men 2019"]
[Site "Hengshui"]
[Date "2019.05.18"]
[Round "8.1"]
[White "Jones, Gawain C B"]
[Black "Dominguez Perez, Leinier"]
[Result "0-1"]
[ECO "C54"]
[WhiteElo "2702"]
[BlackElo "2750"]
[Annotator "RC"]
[PlyCount "84"]
[EventDate "2019.05.17"]
[EventType "blitz"]
[EventCountry "CHN"]
[SourceTitle "playchess.com"]
[Source "ChessBase"]
[SourceQuality "1"]
[TimeControl "180+2"]

1. e4 e5 2. d4 exd4 3. Nf3 Nc6 4. Bc4 Bc5 5. c3 Nf6 6. cxd4 Bb4+ 7. Bd2 Nxe4 8. Bxb4 Nxb4 9. Bxf7+ Kxf7 10. Qb3+ Kf8 11. Qxb4+ Qe7 12. Qxe7+ Kxe7 13. O-O Nf6 14. Nc3 d6 15. Rfe1+ Kd8 16. d5 Bd7 17. Nd4 Re8 18. f3 c5 19. Ne6+ Bxe6 20. dxe6 Kc7 21. Rad1 Kc6 22. g4 g5 23. Kf2 b5 24. e7 b4 25. Re6 bxc3 26. Rxf6 cxb2 27. Rfxd6+ Kc7 28. Rd7+ Kc8 29. Rd8+ Kc7 30. R1d7+ Kc6 31. Rd6+ Kc7 32. R6d7+ Kc6 33. Rd6+ Kb5 34. Rxa8 b1=Q 35. Rxe8 Qb2+ 36. Kf1 Qc1+ 37. Kf2 Qb2+ 38. Ke1 Qe5+ 39. Kf2 Qxd6 40. Kg2 Ka6 41. h4 gxh4 42. f4 Qc6+ 0-1

[Event "IMSA Blitz Men 2019"]
[Site "Hengshui"]
[Date "2019.05.18"]
[Round "8.1"]
[White "Cheparinov, Ivan"]
[Black "Ponomariov, Ruslan"]
[Result "1-0"]
[ECO "E07"]
[WhiteElo "2667"]
[BlackElo "2675"]
[Annotator "RC"]
[PlyCount "91"]
[EventDate "2019.05.17"]
[EventType "blitz"]
[EventCountry "CHN"]
[SourceTitle "playchess.com"]
[Source "ChessBase"]
[SourceQuality "1"]
[TimeControl "180+2"]

1. d4 Nf6 2. c4 e6 3. Nf3 d5 4. Nc3 Be7 5. g3 O-O 6. Bg2 Nbd7 7. Qd3 c6 8. O-O b6 9. b3 a5 10. Bb2 Ba6 11. Rfd1 Rc8 12. Rac1 Qc7 13. e4 Rfd8 14. exd5 cxd5 15. Nb5 Qb8 16. a4 Bb7 17. Qe2 Ne4 18. Rc2 Nf8 19. Bc1 Ng6 20. h4 Nf6 21. Bb2 Bf8 22. Re1 Bc6 23. Rec1 Qb7 24. Ne1 dxc4 25. bxc4 Bxg2 26. Nxg2 h6 27. Ne1 Ne8 28. Qf3 Qd7 29. Nd3 Nd6 30. h5 Ne7 31. Ne5 Qe8 32. g4 Nc6 33. Nxc6 Rxc6 34. c5 bxc5 35. Nxd6 Rcxd6 36. dxc5 Rd3 37. Qe4 Qe7 38. c6 Qc7 39. Be5 Qc8 40. c7 R8d5 41. Rb2 Bb4 42. Bg3 R3d4 43. Qe2 Rd2 44. Rxd2 Rxd2 45. Qb5 e5 46. Qb8 1-0

[Event "IMSA Blitz Men 2019"]
[Site "Hengshui"]
[Date "2019.05.18"]
[Round "8.1"]
[White "Mamedov, Rauf"]
[Black "Fedoseev, Vladimir"]
[Result "1-0"]
[ECO "B51"]
[WhiteElo "2650"]
[BlackElo "2683"]
[Annotator "RC"]
[PlyCount "92"]
[EventDate "2019.05.17"]
[EventType "blitz"]
[EventCountry "CHN"]
[SourceTitle "playchess.com"]
[Source "ChessBase"]
[SourceQuality "1"]
[TimeControl "180+2"]

1. e4 c5 2. Nf3 d6 3. Bb5+ Nd7 4. c3 Ngf6 5. Qe2 a6 6. Ba4 b5 7. Bc2 Bb7 8. d4 e5 9. O-O Be7 10. Rd1 Qb8 11. a4 O-O 12. d5 c4 13. Nbd2 Nc5 14. Nf1 Bc8 15. Ng3 Bd7 16. axb5 axb5 17. Be3 Rc8 18. h3 Qc7 19. Qf1 Nb3 20. Bxb3 cxb3 21. Nd2 Ra2 22. Rab1 b4 23. Rdc1 bxc3 24. Rxc3 Qd8 25. Rxb3 h5 26. Ne2 Ba4 27. Rb7 Bd7 28. Nc3 Raa8 29. Nc4 Rab8 30. Rxb8 Rxb8 31. b4 Qc7 32. b5 Ra8 33. b6 Qb7 34. Ra1 Be8 35. Qb1 Nd7 36. Rxa8 Qxa8 37. b7 Qb8 38. Na5 Qc7 39. Nc6 Bf8 40. b8=Q Nxb8 41. Qxb8 Qd7 42. Nb5 f5 43. f3 fxe4 44. fxe4 Bg6 45. Nc3 Qf7 46. Nd8 Qf6 1-0

[Event "IMSA Blitz Men 2019"]
[Site "Hengshui"]
[Date "2019.05.18"]
[Round "8.2"]
[White "Rapport, Richard"]
[Black "Gelfand, Boris"]
[Result "0-1"]
[ECO "A01"]
[WhiteElo "2736"]
[BlackElo "2676"]
[Annotator "RC"]
[PlyCount "188"]
[EventDate "2019.05.17"]
[EventType "blitz"]
[EventCountry "CHN"]
[SourceTitle "playchess.com"]
[Source "ChessBase"]
[SourceQuality "1"]
[TimeControl "180+2"]

1. b3 e5 2. Bb2 Nc6 3. c4 Nf6 4. Nf3 e4 5. Nd4 Bc5 6. Nf5 O-O 7. e3 d5 8. cxd5 Nb4 9. Ng3 Nfxd5 10. Qc1 Be7 11. Nc3 Nd3+ 12. Bxd3 exd3 13. Nxd5 Qxd5 14. Qxc7 Bd6 15. Qc3 f6 16. e4 Qb5 17. a4 Qa6 18. b4 Be5 19. Qa3 Bxb2 20. Qxb2 Be6 21. O-O Rac8 22. Rfc1 Rxc1+ 23. Rxc1 Qxa4 24. Qd4 Qb5 25. Rc5 Qd7 26. Qxd7 Bxd7 27. Rd5 Be6 28. Rxd3 Rc8 29. f4 g6 30. f5 Bf7 31. Rd7 b5 32. Rxa7 Rc4 33. Rb7 Rxb4 34. Kf2 Bc4 35. h4 Rb2 36. Rd7 b4 37. fxg6 hxg6 38. h5 gxh5 39. Nxh5 b3 40. Nxf6+ Kf8 41. g4 Rc2 42. g5 Bf7 43. e5 b2 44. g6 Bxg6 45. e6 Rxd2+ 46. Rxd2 b1=Q 47. Re2 Ke7 48. Nd5+ Kd6 49. Nf4 Be8 50. Rd2+ Ke7 51. Re2 Qf5 52. Kg3 Bb5 53. Re5 Qb1 54. Rg5 Qg1+ 55. Kh4 Qf2+ 56. Kg4 Be2+ 57. Kf5 Qc5+ 58. Kg6 Qc2+ 59. Kg7 Bc4 60. Re5 Qc3 61. Ng6+ Kd6 62. e7 Bb5 63. Kf8 Qf3+ 64. Kg7 Be8 65. Rg5 Qf7+ 66. Kh6 Qf6 67. Rg4 Qa1 68. Rg3 Ke6 69. Re3+ Kf5 70. Rf3+ Ke6 71. Re3+ Kd6 72. Rd3+ Kc7 73. Rg3 Qf6 74. Kh7 Kb6 75. Kh6 Ka5 76. Rg5+ Kb4 77. Rg4+ Kc3 78. Rg3+ Kd2 79. Rg2+ Ke1 80. Rg1+ Kf2 81. Rg5 Bxg6 82. Rxg6 Qh4+ 83. Kg7 Qxe7+ 84. Kh6 Kf3 85. Rg5 Kf4 86. Rg1 Qd6+ 87. Kh7 Qc7+ 88. Rg7 Qc2+ 89. Kh6 Kf5 90. Rf7+ Ke6 91. Rf8 Ke7 92. Rg8 Kf7 93. Rg7+ Kf6 94. Rg5 Qd2 0-1

[Event "IMSA Blitz Men 2019"]
[Site "Hengshui"]
[Date "2019.05.18"]
[Round "8.2"]
[White "Fedoseev, Vladimir"]
[Black "Mamedov, Rauf"]
[Result "0-1"]
[ECO "B35"]
[WhiteElo "2683"]
[BlackElo "2650"]
[Annotator "RC"]
[PlyCount "62"]
[EventDate "2019.05.17"]
[EventType "blitz"]
[EventCountry "CHN"]
[SourceTitle "playchess.com"]
[Source "ChessBase"]
[SourceQuality "1"]
[TimeControl "180+2"]

1. e4 c5 2. Nf3 Nc6 3. d4 cxd4 4. Nxd4 g6 5. Nc3 Bg7 6. Be3 Nf6 7. Bc4 O-O 8. Bb3 d6 9. f3 Bd7 10. Qd2 Nxd4 11. Bxd4 b5 12. h4 a5 13. a4 bxa4 14. Bxa4 h5 15. Bb3 Bc6 16. O-O Qb8 17. Bc4 a4 18. b3 Rc8 19. Rae1 a3 20. f4 Ng4 21. Rd1 e6 22. Bxg7 Kxg7 23. Kh1 Kg8 24. Be2 Nf6 25. f5 Nxe4 26. Nxe4 Bxe4 27. fxe6 fxe6 28. Rf6 a2 29. Bd3 a1=Q 30. Rxa1 Rxa1+ 31. Kh2 d5+ 0-1